 Dungeon Crawl Stone Soup version 0.32-a0-814-g0968bab981 (webtiles) character file.

Game seed: 5243741299927146629

1251 shadizar the Digger (level 8, -6/53 (58) HPs)
             Began as a Gnoll Earth Elementalist on Mar 22, 2024.
             Mangled by a wight
             ... wielding a +5 mace
              (9 damage)
             ... on level 6 of the Dungeon.
             The game lasted 00:07:09 (5370 turns).

shadizar the Digger (Gnoll Earth Elementalist)      Turns: 5370, Time: 00:07:09

HP:   -6/53 (58)    AC:  4    Str:  8    XL:     8   Next: 51%
MP:   12/17         EV: 13    Int: 16    God:
Gold: 393           SH:  0    Dex: 13    Spells: 15/19 levels left

rFire   . . .        q - +3 mace (protect)
rCold   . . .        (no shield)
rNeg    . . .        a - +0 robe
rPois   .            t - +0 helmet
rElec   .            c - +0 cloak
rCorr   .            (no gloves)
SInv    .            (no boots)
Will    +....        (no amulet)
Stlth   +++          u - ring of willpower
HPRegen 0.28/turn    (no ring)
MPRegen 0.15/turn

%: no passive effects
@: drained
A: fangs 1, strong nose, distributed training
a: no special abilities


You were on level 6 of the Dungeon.
You visited 1 branch of the dungeon, and saw 6 of its levels.

You collected 393 gold pieces.

Inventory:

Hand Weapons
 q - a +3 mace of protection (weapon)
Armour
 a - a +0 robe (worn)
 c - a +0 cloak (worn)
 e - the +5 scale mail "Zeivigor" {rPois Int+3 Stlth-}
   (You acquired it on level 4 of the Dungeon)

   Int+3:     It affects your intelligence (+3).
   rPois:     It protects you from poison.
   Stlth-:    It makes you less stealthy.
 n - a scarf of invisibility
 t - a +0 helmet (worn)
Jewellery
 u - a ring of willpower (left hand)
Scrolls
 d - 3 scrolls of amnesia
 h - 4 scrolls of identify
Potions
 b - a potion of magic
 f - a potion of curing
 g - a potion of mutation {unknown}
 i - 4 potions of enlightenment
 k - a potion of brilliance
 m - a potion of lignification {unknown}
 o - a potion of haste


   Skills:
 + Level 3.4 Fighting
 + Level 3.4 Short Blades
 + Level 3.4 Long Blades
 + Level 3.4 Axes
 + Level 3.4 Maces & Flails
 + Level 3.4 Polearms
 + Level 3.4 Staves
 + Level 3.4 Ranged Weapons
 + Level 3.4 Throwing
 + Level 3.4 Armour
 + Level 5.8 Dodging
 + Level 5.5 Stealth
 + Level 3.4 Shields
 + Level 3.4 Unarmed Combat
 + Level 6.1 Spellcasting
 + Level 3.6 Conjurations
 + Level 2.8 Hexes
 + Level 2.8 Summonings
 + Level 2.8 Necromancy
 + Level 2.8 Translocations
 + Level 2.8 Fire Magic
 + Level 2.8 Ice Magic
 + Level 2.8 Air Magic
 + Level 6.2 Earth Magic
 + Level 2.8 Alchemy
 + Level 3.8 Invocations
 + Level 3.4 Evocations
 + Level 3.1 Shapeshifting


You had 15 spell levels left.
You knew the following spells:

 Your Spells              Type           Power      Damage    Failure   Level
a - Sandblast             Erth           48%        2d12      1%          1
b - Stone Arrow           Conj/Erth      40%        3d9       5%          3

Your spell library contained the following spells:

 Spells                   Type           Power      Damage    Failure   Level
 Passwall                 Erth           24%        N/A       3%          3
 Lesser Beckoning         Tloc           28%        N/A       6%          2
 Gell's Gravitas          Tloc           14%        N/A       13%         3
 Teleport Other           Tloc           14%        N/A       13%         3
 Brom's Barrelling Bould  Conj/Erth      20%        2d4       19%         4
 Petrify                  Alch/Erth      19%        N/A       21%         4
 Animate Dead             Necr           14%        N/A       38%         4
 Haunt                    Necr/Summ      7%         N/A       100%        7
 Infestation              Necr           7%         N/A       100%        8


Dungeon Overview and Level Annotations

Branches:
Dungeon (6/15)             Temple (0/1) D:5

Altars:


Innate Abilities, Weirdness & Mutations

You have very sharp teeth.
Your uncanny sense of smell can sniff out nearby items.
Your experience applies equally to all skills.


Message History

The wight hits you with a +5 mace!
You feel drained. The wight hits you with a +0 mace!
The blast of sand hits the wight.
You destroy the wight!
The wight completely misses you.
Your life force feels restored.
The wight attacks as it pursues you! The wight misses you.
The wight attacks as it pursues you! The wight hits you with a +5 mace.
You feel drained. The wight attacks as it pursues you!
The wight hits you with a +5 mace.
The blast of sand hits the wight.
The wight is moderately damaged.
The wight misses you. The wight hits you with a +5 mace!
You feel drained.
You are too injured to fight recklessly!
You are too injured to fight recklessly!
Casting: Sandblast (safe; 1% risk of failure)
Confirm with . or Enter, or press ? or * to list all spells.
Aiming: Sandblast (safe; 1% risk of failure)
Press: ? - help, Shift-Dir - straight line, f/p - wight
Aim: a wight, wielding a +5 mace and wearing a +0 robe (moderately damaged, 83% to hit)
The blast of sand hits the wight but does no damage.
The wight is moderately damaged.
The wight hits you with a +5 mace.
Unknown command.
Unknown command.
Unknown command.
Casting: Sandblast (safe; 1% risk of failure)
Confirm with . or Enter, or press ? or * to list all spells.
Aiming: Sandblast (safe; 1% risk of failure)
Press: ? - help, Shift-Dir - straight line, f/p - wight
Aim: a wight, wielding a +5 mace and wearing a +0 robe (moderately damaged, 83% to hit)
The blast of sand hits the wight but does no damage.
The wight is moderately damaged.
The wight hits you with a +5 mace!
* * * LOW HITPOINT WARNING * * *
You feel drained.
The wight hits you from afar with a +0 trident!
* * * LOW HITPOINT WARNING * * *
The wight hits you with a +5 mace!
You die...

#.###...#.# .#
#####.###.#.#†###...#
#.........#..........
#.###.#####)#.#######
#.# #.#....<#.##.....
#.# #.#.###<#......# #.#
#.# ###......## #.# #.#
#z......# #.# #@#
#.......# #.# #z#
#.......# #.# #z#
#.......# #.# #.#
#.......# #.# #.#
#........ # #.# #.#
........#
##.#.###.####........###
#............z.........
####.####)###.......S###


You could see 2 wights.

Vanquished Creatures
  An ice beast (D:4)
  An ogre (D:4)
  A centaur (D:5)
  A scorpion (D:4)
  3 wights (D:6)
  4 killer bees (D:4)
  A hound (D:5)
  4 bombardier beetles
  3 orc priests
  Jessica (D:3)
  3 iguanas (D:5)
  2 orc wizards
  Robin (D:3)
  4 adders
  2 shadow imps (D:4)
  5 white imps (D:4)
  An ufetubus (D:4)
  2 dart slugs
  2 ribbon worms
  10 orcs
  5 ball pythons
  7 bats
  8 endoplasms
  3 giant cockroaches
  15 goblins
  13 hobgoblins
  4 quokkas
  A frilled lizard (D:3)
  5 kobolds
  8 rats
121 creatures vanquished.

Notes
Turn   | Place    | Note
-------+----------+-------------------------------------------
     0 | D:1      | shadizar the Gnoll Earth Elementalist began the quest for
                  | the Orb.
     0 | D:1      | Reached XP level 1. HP: 13/13 MP: 6/6
   318 | D:1      | Reached XP level 2. HP: 16/19 MP: 1/7
  1059 | D:2      | Reached skill level 5 in Spellcasting
  1059 | D:2      | Reached XP level 3. HP: 25/25 MP: 6/9
  1365 | D:2      | Reached skill level 1 in Invocations
  1872 | D:3      | Reached skill level 1 in Fighting
  1872 | D:3      | Reached skill level 1 in Short Blades
  1872 | D:3      | Reached skill level 1 in Long Blades
  1872 | D:3      | Reached skill level 1 in Axes
  1872 | D:3      | Reached skill level 1 in Maces & Flails
  1872 | D:3      | Reached skill level 1 in Polearms
  1872 | D:3      | Reached skill level 1 in Staves
  1872 | D:3      | Reached skill level 1 in Ranged Weapons
  1872 | D:3      | Reached skill level 1 in Throwing
  1872 | D:3      | Reached skill level 1 in Armour
  1872 | D:3      | Reached skill level 1 in Shields
  1872 | D:3      | Reached skill level 1 in Unarmed Combat
  1872 | D:3      | Reached skill level 1 in Evocations
  1918 | D:3      | Noticed Jessica
  1922 | D:3      | Killed Jessica
  1923 | D:3      | Reached skill level 1 in Shapeshifting
  1923 | D:3      | Reached XP level 4. HP: 32/32 MP: 8/11
  1976 | D:3      | You fall into a shaft and drop 2 floors!
  1976 | D:5      | Entered Level 5 of the Dungeon
  1997 | D:5      | Reached skill level 1 in Hexes
  1997 | D:5      | Reached skill level 1 in Summonings
  1997 | D:5      | Reached skill level 1 in Necromancy
  1997 | D:5      | Reached skill level 1 in Translocations
  1997 | D:5      | Reached skill level 1 in Fire Magic
  1997 | D:5      | Reached skill level 1 in Ice Magic
  1997 | D:5      | Reached skill level 1 in Air Magic
  1997 | D:5      | Reached skill level 1 in Alchemy
  2055 | D:5      | Reached XP level 5. HP: 37/37 MP: 9/12
  2226 | D:5      | Found a staircase to the Ecumenical Temple.
  2227 | D:5      | Noticed a centaur
  2276 | D:4      | Noticed an ice beast
  2294 | D:4      | Killed an ice beast
  2294 | D:4      | HP: 1/38 [orc/+0 club (1)]
  2295 | D:4      | Reached skill level 5 in Dodging
  2295 | D:4      | Reached XP level 6. HP: 2/44 MP: 4/14
  2699 | D:4      | Reached XP level 7. HP: 28/51 MP: 8/15
  3418 | D:3      | Noticed Robin
  3431 | D:3      | Killed Robin
  3432 | D:3      | Reached skill level 5 in Stealth
  4306 | D:4      | Reached XP level 8. HP: 57/58 MP: 8/16
  4653 | D:4      | Identified a scroll of acquirement
  4653 | D:4      | Acquired the +5 scale mail "Zeivigor" {rPois Int+3 Stlth-}
  4676 | D:5      | Learned a level 3 spell: Stone Arrow
  5370 | D:6      | Mangled by a wight

Illustrated notes

Levels and vault maps discovered:
D:1:      spicycebolla_green_bress_n_ham, layout_loops_corners
D:2:      layout_loops_ring, serial_bayou_lake_a
D:3:      layout_loops_cross, kennysheep_generic_room_15, uniq_robin,
          uniq_jessica
D:4:      layout_loops_ring, serial_demonic, serial_demonic_a, serial_demonic_e,
          serial_demonic_f, serial_demonic_g, serial_demonic_c,
          hangedman_decor_growths
D:5:      layout_loops_cross, minmay_temple_entry_drinking_statues
D:6:      layout_basic

Skill      XL: |  1  2  3  4  5  6  7  8 |
---------------+-------------------------+-----
Conjurations   | 2 3 |  3.6
Spellcasting   | 5 6 |  6.1
Invocations    | 1 2 3 |  3.8
Fighting       | 1 2 3 |  3.4
Short Blades   | 1 2 3 |  3.4
Long Blades    | 1 2 3 |  3.4
Axes           | 1 2 3 |  3.4
Maces & Flails | 1 2 3 |  3.4
Polearms       | 1 2 3 |  3.4
Staves         | 1 2 3 |  3.4
Ranged Weapons | 1 2 3 |  3.4
Throwing       | 1 2 3 |  3.4
Armour         | 1 2 3 |  3.4
Shields        | 1 2 3 |  3.4
Unarmed Combat | 1 2 3 |  3.4
Evocations     | 1 2 3 |  3.4
Shapeshifting  | 1 2 3 |  3.1
Hexes          | 1 2 |  2.8
Summonings     | 1 2 |  2.8
Necromancy     | 1 2 |  2.8
Translocations | 1 2 |  2.8
Fire Magic     | 1 2 |  2.8
Ice Magic      | 1 2 |  2.8
Air Magic      | 1 2 |  2.8
Alchemy        | 1 2 |  2.8
Dodging        | 5 |  5.8
Stealth        | 5 |  5.5
Earth Magic    | 6 |  6.2

Action                     |  1- 3 |  4- 6 |  7- 9 || total
---------------------------+-------+-------+-------++-------
  Melee: Unarmed           |     1 |       |       ||     1
         Mace              |       |       |     3 ||     3
   Cast: Sandblast         |    50 |    42 |   129 ||   221
    Use: Potion            |       |     1 |       ||     1
         Scroll            |       |       |    12 ||    12
 Armour: Robe              |     4 |    24 |    51 ||    79
  Dodge: Dodged            |     8 |    24 |    39 ||    71

Table legend: (Time is in decaauts)
 A = Elapsed time spent in this place.
 B = Non-inter-level travel time spent in this place.
 C = Inter-level travel time spent in this place.
 D = Time resting spent in this place.
 E = Time spent auto-exploring this place.
 F = Levels seen in this place.
 G = Mean time per level.
                   A        B        C        D        E       F      G
               +--------+--------+--------+--------+--------+-----+--------+
         Total |   5509 |   5290 |    219 |      0 |   4442 |   6 |  918.2 |
       Dungeon |   5509 |   5290 |    219 |      0 |   4442 |   6 |  918.2 |
               +--------+--------+--------+--------+--------+-----+--------+

Top non-repeatable levels by time:
     D:4: 1480 daAuts
     D:1: 1011 daAuts
     D:2: 981 daAuts
     D:5: 936 daAuts
     D:3: 930 daAuts
     D:6: 169 daAuts
